AoeStats
← Long John Silver

Black Forest

508390486Analyzed
4v4 RM · 10d ago on Sep 22, 2026· 45m 12s· 8 players
Game mode
Random Map
Map size
Large (8 player)
Population
200
Speed
Normal
Resources
Standard
Victory
Conquest
Starting age
Dark Age
Ending age
Imperial Age
RankedLock teamsTeams togetherTeam positionsShared explorationLock speedFull tech treeHidden civsTurbo modeCheats
Victory
Defeat
1570
+12
🇨🇳 Jurchens · China
1517
+14
🇩🇪 Saracens · Germany
1448
+17
🇹🇼 Wu · Taiwan
1441
+17
🇨🇳 Turks · China
1523
-17
🇨🇳 Franks · China
1475
-15
🇨🇳 Lithuanians · China
1454
-14
🇨🇳 Vietnamese · China
1443
-14
给你一棒槌
7:11 Loom
10:33 Feudal Age
14:13 Castle Age
12:26 Double-Bit Axe
12:45 Horse Collar
15:18 Bow Saw
22:26 Wheelbarrow
23:13 Heavy Plow
24:54 Treadmill Crane
25:56 Hand Cart
29:23 Imperial Age
27:05 Gold Mining
28:24 Scale Barding Armor
28:39 Bloodlines
29:08 Forging
29:26 Elite Leitis
30:27 Conscription
30:32 Chain Barding Armor
30:49 Devotion
31:32 Iron Casting
31:14 Pikeman
31:50 Halberdier
32:30 Squires
32:16 Arson
33:26 Scale Mail Armor
35:10 Chain Mail Armor
36:11 Faith
36:05 Tower Shields
36:36 Block Printing
36:50 Illumination
37:15 Plate Barding Armor
37:52 Theocracy
38:34 Chemistry
42:22 Fortified Wall
acyhjujaxuzjkt
0:26 Loom
12:49 Feudal Age
16:46 Castle Age
22:36 Imperial Age
21:22 Double-Bit Axe
21:22 Horse Collar
26:47 Padded Archer Armor
41:04 Leather Archer Armor
肥肠拌面
11:17 Feudal Age
15:03 Castle Age
13:20 Double-Bit Axe
16:57 Bow Saw
26:56 Wheelbarrow
29:54 Imperial Age
28:15 Gold Mining
28:15 Stone Mining
28:58 Scale Barding Armor
29:04 Forging
30:02 Gold Shaft Mining
30:44 Chain Barding Armor
30:43 Chivalry
31:03 Conscription
30:06 Cavalier
30:46 Husbandry
31:56 Chemistry
31:41 Iron Casting
32:35 Plate Barding Armor
31:56 Paladin
37:30 Ballistics
6988
2:24 Loom
12:28 Feudal Age
偷偷
0:31 Loom
14:21 Feudal Age
15:02 Feudal Age
19:27 Castle Age
17:47 Horse Collar
19:01 Double-Bit Axe
22:14 Bow Saw
22:57 Fletching
24:12 Gold Mining
27:10 Gold Shaft Mining
30:04 Imperial Age
28:15 Heavy Plow
29:08 Wheelbarrow
28:30 Stone Mining
29:12 Scale Mail Armor
29:23 Forging
31:30 Chain Mail Armor
31:51 Iron Casting
31:33 Squires
33:13 Two-Man Saw
32:50 Plate Mail Armor
34:55 Scale Barding Armor
37:12 Bloodlines
37:02 Husbandry
37:25 Chain Barding Armor
37:37 Bodkin Arrow
37:43 Padded Archer Armor
38:47 Ballistics
38:29 Bracer
39:46 Conscription
40:54 Chemistry
41:03 Leather Archer Armor
43:20 Elite Fire Archer
大冲车 滴滴 创死你
10:41 Feudal Age
11:23 Double-Bit Axe
14:47 Castle Age
15:33 Horse Collar
18:29 Loom
21:36 Wheelbarrow
21:41 Gold Mining
22:33 Bow Saw
24:22 Stone Mining
25:07 Gold Shaft Mining
25:29 Forging
25:19 Scale Mail Armor
25:26 Scale Barding Armor
26:22 Hand Cart
28:41 Imperial Age
26:04 Loom
26:04 Town Watch
29:00 Scale Mail Armor
29:36 Iron Casting
29:00 Elite Battle Elephant
29:43 Husbandry
29:54 Bloodlines
30:30 Conscription
32:38 Chain Mail Armor
32:45 Chain Barding Armor
33:26 Blast Furnace
34:02 Devotion
36:18 Plate Barding Armor
35:55 Heavy Plow
42:30 Two-Man Saw
43:07 Light Cavalry
Long John Silver
9:03 Feudal Age
13:02 Fletching
14:36 Double-Bit Axe
17:19 Padded Archer Armor
21:39 Castle Age
21:34 Horse Collar
21:45 Gold Mining
23:37 Loom
24:32 Town Watch
25:23 Wheelbarrow
25:43 Bodkin Arrow
25:08 Crossbowman
26:41 Bow Saw
31:02 Hand Cart
30:56 Heavy Plow
33:48 Imperial Age
32:00 Gold Shaft Mining
31:16 Stone Mining
31:38 Scale Barding Armor
32:57 Chain Barding Armor
32:32 Stone Mining
32:54 Forging
33:38 Bloodlines
33:29 Husbandry
35:05 Plate Barding Armor
33:51 Elite Mameluke
34:52 Conscription
35:11 Iron Casting
34:38 Bracer
35:41 Two-Man Saw
35:51 Arbalester
37:14 Leather Archer Armor
38:04 Ballistics
38:44 Chemistry
39:10 Masonry
38:41 Treadmill Crane
41:04 Onager
43:23 Blast Furnace
42:34 Counterweights
43:22 Siege Onager
南良千奈
10:33 Feudal Age
11:17 Double-Bit Axe
14:03 Castle Age
12:21 Horse Collar
15:16 Bow Saw
17:24 Loom
24:36 Wheelbarrow
29:34 Imperial Age
27:39 Scale Mail Armor
27:49 Forging
27:43 Heavy Plow
27:37 Gold Mining
28:22 Squires
28:08 Gambesons
29:00 Chain Mail Armor
29:13 Hand Cart
29:22 Arson
31:03 Iron Casting
30:03 Elite Fire Lancer
33:56 Blast Furnace
33:02 Scale Barding Armor
33:42 Stone Mining
34:04 Town Watch
35:46 Chemistry
35:19 Masonry
35:33 Chain Barding Armor
35:04 Fletching
35:52 Stone Shaft Mining
35:52 Gold Shaft Mining
35:27 Elite Iron Pagoda
37:31 Conscription
38:02 Plate Barding Armor
37:23 Bodkin Arrow
43:54 Town Patrol
Connection lost

Rejoining the realm…

Still unreachable

The connection could not be restored.

Session expired

The server has moved on; the page needs a fresh start.